 Dungeon Crawl Stone Soup version 0.31-a0-810-ga77100ea1a (webtiles) character file.

Game seed: 6899827161791260075

14 Bravepunisher the Ducker (level 2, -2/16 HPs)
             Began as a Spriggan Monk on Sept 21, 2023.
             Slain by a scorpion (7 damage)
             ... on level 5 of the Dungeon.
             The game lasted 00:02:35 (561 turns).

Bravepunisher the Ducker (Spriggan Monk)             Turns: 561, Time: 00:02:35

Health: -2/16      AC:  2    Str:  7    XL:     2   Next: 31%
Magic:  3/3        EV: 19    Int: 11    God:
Gold:   42         SH:  0    Dex: 17    Spells: 1/1 levels left

rFire   . . .        a - +0 short sword
rCold   . . .        (no shield)
rNeg    . . .        b - +0 robe
rPois   .            (helmet restricted)
rElec   .            (no cloak)
rCorr   .            (gloves unavailable)
SInv    +            (boots unavailable)
Will    .....        (no amulet)
Stlth   ++           (no ring)
HPRegen 0.22/turn    (no ring)
MPRegen 0.08/turn

%: no passive effects
@: very quick
A: very small, no large weapons, unfitting armour, see invisible, speed 3
a: no special abilities


You were on level 5 of the Dungeon.
You visited 1 branch of the dungeon, and saw 6 of its levels.

You collected 42 gold pieces.

Inventory:

Hand Weapons
 a - a +0 short sword (weapon)
Armour
 b - a +0 robe (worn)
Potions
 d - a potion of heal wounds
 g - a potion of curing {unknown}


   Skills:
 * Level 2.9 Fighting
 - Level 3.2 Short Blades
 + Level 4.3 Dodging


You had one spell level left.
You didn't know any spells.
Your spell library was empty.

Dungeon Overview and Level Annotations

Branches:
Dungeon (6/15)
 Temple: D:4-7

Altars:
Hepliaklqana
Kikubaaqudgha
Vehumet
Yredelemnul

Annotations:
D:4 Blork the orc


Innate Abilities, Weirdness & Mutations

You are very small and have problems with some larger weapons.
You are too small for most types of armour.
You have supernaturally acute eyesight. (SInv)
You cover ground extremely quickly. (Speed+++)


Message History

A quokka comes into view.
Found a radiant altar of Vehumet.
Found an ancient bone altar of Kikubaaqudgha.
Found a basalt altar of Yredelemnul.
The quokka misses you. The quokka barely misses you.
Found a hazy altar of Hepliaklqana.
As you read the scroll labelled ZUPTUXTO ILELI, it crumbles to dust.
It is a scroll of identify.
f - a scroll of teleportation The quokka bites you.
As you read the scroll of teleportation, it crumbles to dust.
You feel strangely unstable. The quokka bites you.
Unknown command.
You hit the quokka.
The quokka is lightly wounded.
Your surroundings suddenly seem different.
A hound, an orc and a scorpion come into view.
Found 9 gold pieces and a runed whip.
Found a stone staircase leading down.
The scorpion moves out of view.
A scorpion comes into view.
Found a stone staircase leading down.
There is a stone staircase leading down here.
The hound bites you. The hound bites you but does no damage.
You climb downwards.
Found a dagger.
Found an escape hatch in the ceiling.
Found a stone staircase leading down.
There is a stone staircase leading up here.
Found 3 stones.
Found a stone staircase leading up.
The hound attacks as it pursues you! The hound misses you.
Found a scale mail.
Found a green potion.
The hound attacks as it pursues you! The hound bites you.
* * * LOW HITPOINT WARNING * * *
Found a copper wand.
There is an escape hatch in the ceiling here.
A mysterious force pulls you upwards. The hatch slams shut behind you.
Found an inky potion.
The scorpion attacks as it pursues you! The scorpion misses you.
The scorpion attacks as it pursues you! The scorpion stings you!
You die...

................... #
####...$.............
.s........$...###..#..
#. #.........##.#...
##.####...>)..........#
#.....................#
#.......o........>
#.....s.........##
#.....@.......)##
#.....#.#.....##
#..........####
#........### #.!...#..#
#.....#.## #......#.#
#..#### ..


You could see a scorpion and an orc.

Vanquished Creatures
  3 ball pythons (D:1)
  3 endoplasms
  A giant cockroach (D:4)
  A goblin (D:2)
  2 jackals (D:1)
  2 kobolds (D:1)
12 creatures vanquished.

Notes
Turn   | Place    | Note
-------+----------+-------------------------------------------
     0 | D:1      | Bravepunisher the Spriggan Monk began the quest for the
                  | Orb.
     0 | D:1      | Reached XP level 1. HP: 11/11 MP: 2/2
   161 | D:1      | Reached XP level 2. HP: 16/16 MP: 3/3
   430 | D:4      | Noticed Blork the orc
   472 | D:5      | Entered Level 5 of the Dungeon
   484 | D:5      | Noticed an ogre
   498 | D:5      | Noticed a water moccasin
   531 | D:5      | Found a radiant altar of Vehumet.
   533 | D:5      | Found an ancient bone altar of Kikubaaqudgha.
   534 | D:5      | Found a basalt altar of Yredelemnul.
   538 | D:5      | Found a hazy altar of Hepliaklqana.
   544 | D:5      | Noticed a scorpion
   545 | D:5      | Noticed a scorpion
   561 | D:5      | Slain by a scorpion

Illustrated notes

Levels and vault maps discovered:
D:1:      psy_arrival_radial02, layout_basic, hellmonk_ecumenical_altar_run_dry
D:2:      layout_loops_corners, chequers_serial_rivers_room_b
D:3:      layout_rooms, gammafunk_ghost_arena, kennysheep_generic_room_2
D:4:      layout_gridville, portal_sewer_entry_e, uniq_blork_the_orc
D:5:      layout_rooms, lemuel_coloured_pillars_altar,
          mainiacjoe_overflow_concentric_impassable, kennysheep_mini,
          minitemple, serial_curves, eino_curves_03, eino_curves_03,
          minmay_small_thing
D:6:      layout_rooms, tso_oasis_becter, minmay_temple_entry_drinking_statues,
          uniq_pikel, uniq_eustachio

Action                     || total
---------------------------++-------
  Melee: Short sword       ||    42
    Use: Scroll            ||     2
         Potion            ||     2
   Stab: Sleeping          ||     2
 Armour: Robe              ||    20
  Dodge: Dodged            ||    56

Table legend: (Time is in decaauts)
 A = Elapsed time spent in this place.
 B = Non-inter-level travel time spent in this place.
 C = Inter-level travel time spent in this place.
 D = Time resting spent in this place.
 E = Time spent auto-exploring this place.
 F = Levels seen in this place.
 G = Mean time per level.
                   A        B        C        D        E       F      G
               +--------+--------+--------+--------+--------+-----+--------+
         Total |    376 |    376 |      0 |     14 |    164 |   6 |   62.7 |
       Dungeon |    376 |    376 |      0 |     14 |    164 |   6 |   62.7 |
               +--------+--------+--------+--------+--------+-----+--------+

Top non-repeatable levels by time:
     D:1: 215 daAuts
     D:4: 77 daAuts
     D:5: 50 daAuts
     D:2: 18 daAuts
     D:3: 7 daAuts
     D:6: 6 daAuts
